 Dungeon Crawl Stone Soup version 0.26-a0-712-ga5a9c9c9d0 (webtiles) character file.

Game seed: 3040707591325061252

474 Descartes the Magician (level 6, -1/32 HPs)
             Began as a Deep Elf Air Elementalist on Nov 1, 2020.
             Slain by an ice beast (12 damage)
             ... on level 4 of the Dungeon.
             The game lasted 00:08:57 (5422 turns).

Descartes the Magician (Deep Elf Air Elementalist)  Turns: 5422, Time: 00:08:58

Health: -1/32      AC:  2    Str:  5    XL:     6   Next: 84%
Magic:  13/16      EV: 13    Int: 22    God:
Gold:   262        SH:  0    Dex: 15    Spells: 6/16 levels left

rFire    . . .     SeeInvis .   t - +6 dagger (drain)
rCold    . . .     Faith    .   (no shield)
rNeg     . . .     Spirit   .   a - +0 robe
rPois    .         Reflect  .   (no helmet)
rElec    .         Harm     .   (no cloak)
rCorr    .         Rampage  .   (no gloves)
MR       .....                  (no boots)
Stlth    ++........             (no amulet)
HPRegen  0.10/turn              (no ring)
MPRegen  0.15/turn              (no ring)

@: no status effects
A: no striking features
a: no special abilities


You were on level 4 of the Dungeon.
You visited 1 branch of the dungeon, and saw 4 of its levels.

You collected 262 gold pieces.

Inventory:

Hand Weapons
 c - a +0 hunting sling
 f - a +0 dagger
 t - a +6 dagger of draining (weapon)
 y - a +1 dagger of venom
Missiles
 g - 89 stones (quivered)
 k - 19 bolts
 p - 25 arrows
 s - 6 atropa-tipped darts
 w - 26 sling bullets
Armour
 a - a +0 robe (worn)
Jewellery
 C - an uncursed ring of stealth {unknown}
Scrolls
 e - 9 scrolls of identify
 h - 4 scrolls of teleportation
 n - a scroll of noise {unknown}
 o - 3 scrolls of magic mapping {unknown}
 q - 3 scrolls of remove curse {unknown}
 r - a scroll of enchant weapon {unknown}
 x - 2 scrolls of fear {unknown}
 z - 3 scrolls of blinking {unknown}
 B - a scroll of enchant armour {unknown}
Potions
 b - 3 potions of curing
 d - a potion of mutation {unknown}
 i - a potion of invisibility {unknown}
 j - 2 potions of lignification {unknown}
 l - a potion of haste
 m - 3 potions of heal wounds {unknown}
 u - a potion of flight {unknown}
 v - 3 potions of brilliance {unknown}
 A - a potion of might {unknown}


   Skills:
 - Level 2.4 Dodging
 - Level 2.4 Stealth
 + Level 5.8 Spellcasting
 + Level 4.2 Conjurations
 + Level 2.8 Necromancy
 + Level 4.9 Air Magic


You had 6 spell levels left.
You knew the following spells:

 Your Spells              Type           Power        Failure   Level
a - Shock                 Conj/Air       ####         1%          1
b - Static Discharge      Conj/Air       ####....     4%          3
c - Dispel Undead         Necr           ###.....     28%         4
d - Sublimation of Blood  Necr           ###.......   4%          2

Your spell library contained the following spells:

 Spells                   Type           Power        Failure   Level
 Swiftness                Air            ####....     1%          2
 Corpse Rot               Necr/Air       N/A          2%          2
 Airstrike                Air            ####......   12%         4
 Lightning Bolt           Conj/Air       ####......   36%         5
 Agony                    Necr           ###.....     61%         5
 Excruciating Wounds      Necr           ###.......   61%         5


Dungeon Overview and Level Annotations

Branches:
Dungeon (4/15)
 Temple: D:4-7

Altars:
Fedhas
Hepliaklqana
Sif Muna
Uskayaw


Message History

Casting: Shock (safe; 1% risk of failure)
Confirm with . or Enter, or press ? or * to list all spells.
Aiming: Shock (safe; 1% risk of failure)
Press: ? - help, Shift-Dir - straight line, f/p - ice beast
Aim: an ice beast (lightly wounded)
The zap misses the ice beast.
The zap hits the orc.
You kill the orc!
The ice beast hits you. The ice beast freezes you.
Casting: Shock (safe; 1% risk of failure)
Confirm with . or Enter, or press ? or * to list all spells.
Aiming: Shock (safe; 1% risk of failure)
Press: ? - help, Shift-Dir - straight line, f/p - ice beast
Aim: an ice beast (lightly wounded)
The zap hits the ice beast.
The ice beast is moderately wounded.
The ice beast hits you. The ice beast freezes you!
You hit the ice beast.
The ice beast is heavily wounded.
The ice beast hits you. The ice beast freezes you!
You die...

#####.....#.............
..........#..#...#...#..
..........#_............
#.........#..#...#...#..
#.....)..#.............
#.################
#.##..##.......###
#Y#.......<.......
#@#...........####
#.#..........##
#<...........#
#............#
####...........#
#..............#
#............#.###
#...#........#...#
####....########.###


You could see an ice beast.

Vanquished Creatures
  A phantom (D:4)
  Jessica (D:3)
  Natasha (twice) (D:3)
  An iguana (D:4)
  2 worker ants (D:4)
  5 adders (D:4)
  3 gnolls (D:3)
  An ooze (D:2)
  An adder skeleton (D:4)
  5 worms
  3 dart slugs
  6 leopard geckos
  13 orcs
  A ball python (D:1)
  9 bats
  5 giant cockroaches
  9 goblins
  9 hobgoblins
  12 jackals
  3 quokkas
  9 frilled lizards
  9 kobolds
  9 rats
119 creatures vanquished.

Vanquished Creatures (others)
  9 plants (D:3)
9 creatures vanquished.

Grand Total: 128 creatures vanquished

Notes
Turn   | Place    | Note
-------+----------+-------------------------------------------
     0 | D:1      | Descartes the Deep Elf Air Elementalist began the quest for
                  | the Orb.
     0 | D:1      | Reached XP level 1. HP: 10/10 MP: 6/6
   242 | D:1      | Reached XP level 2. HP: 15/15 MP: 4/8
   687 | D:1      | Reached XP level 3. HP: 19/19 MP: 5/10
  1008 | D:2      | Learned a level 3 spell: Static Discharge
  1372 | D:2      | Reached skill level 4 in Spellcasting
  1437 | D:2      | Found a hazy altar of Hepliaklqana.
  1672 | D:2      | Reached XP level 4. HP: 24/24 MP: 1/12
  2149 | D:3      | Noticed Natasha
  2158 | D:3      | Noticed Jessica
  2161 | D:3      | Killed Jessica
  2444 | D:3      | Found a shimmering blue altar of Sif Muna.
  2456 | D:3      | Learned a level 4 spell: Dispel Undead
  2459 | D:3      | Learned a level 2 spell: Sublimation of Blood
  2658 | D:3      | Reached XP level 5. HP: 28/28 MP: 11/13
  2921 | D:3      | Reached skill level 1 in Necromancy
  2936 | D:3      | Found a blossoming altar of Fedhas.
  3074 | D:3      | Killed Natasha
  3101 | D:3      | Reached skill level 5 in Spellcasting
  3835 | D:3      | Found a blossoming altar of Fedhas.
  3988 | D:3      | Noticed Natasha
  3998 | D:3      | Killed Natasha
  4241 | D:3      | Found a shimmering blue altar of Sif Muna.
  4580 | D:4      | Reached XP level 6. HP: 23/32 MP: 3/15
  4704 | D:4      | Found a hide-covered altar of Uskayaw.
  5414 | D:4      | Noticed an ice beast
  5422 | D:4      | Slain by an ice beast

Illustrated notes

Levels and vault maps discovered:
D:1:      enne_arrival_octagon_isle, layout_basic, dk_noncrumbling_3,
          minmay_hexomino_f4
D:2:      layout_loops_ring, nicolae_overflow_crystal_walls
D:3:      cheibrodos_old_hovel, layout_basic, lemuel_round_altar,
          lemuel_doored_altar, corexii_hall_statues_i, uniq_jessica,
          uniq_natasha
D:4:      layout_rooms, grunt_temple_overflow_holy_war,
          lemuel_coloured_pillars_altar, guppyfry_shop_venom

Skill      XL: |  1  2  3  4  5  6 |
---------------+-------------------+-----
Conjurations   | 2 3 4 |  4.2
Spellcasting   | 4 5 |  5.8
Air Magic      | 4 |  4.9
Necromancy     | 1 2 |  2.8
Dodging        | |  2.4
Stealth        | |  2.4

Action                   |  1- 3 |  4- 6 || total
-------------------------+-------+-------++-------
Melee: Dagger            |     2 |    23 ||    25
 Cast: Shock             |   101 |   172 ||   273
       Static Discharge  |       |     2 ||     2
  Use: Scroll            |       |     2 ||     2
       Potion            |       |     1 ||     1
Armor: Robe              |     4 |     3 ||     7
Dodge: Dodged            |    14 |    21 ||    35

Table legend: (Time is in decaauts)
 A = Elapsed time spent in this place.
 B = Non-inter-level travel time spent in this place.
 C = Inter-level travel time spent in this place.
 D = Time resting spent in this place.
 E = Time spent auto-exploring this place.
 F = Levels seen in this place.
 G = Mean time per level.
                   A        B        C        D        E       F      G
               +--------+--------+--------+--------+--------+-----+--------+
         Total |   5404 |   5306 |     98 |    211 |   4544 |   4 | 1351.0 |
       Dungeon |   5404 |   5306 |     98 |    211 |   4544 |   4 | 1351.0 |
               +--------+--------+--------+--------+--------+-----+--------+

Top non-repeatable levels by time:
     D:3: 2395 daAuts
     D:2: 1158 daAuts
     D:1: 989 daAuts
     D:4: 861 daAuts
